Map: Emerald City LE

Players

Massa

  • Race: Terran Terran
  • League: Platinum
  • Spawn Location: 11:00

qqq

  • Race: Zerg Zerg
  • League: Platinum
  • Spawn Location: 11:00

Takushin - Winner!

  • Race: Zerg Zerg
  • League: Diamond
  • Spawn Location: 5:00

EssSee - Winner!

  • Race: Zerg Zerg
  • Spawn Location: 5:00

VOD

Have the link to the VOD?

Description

Time

  • Played on: Jan. 12, 2021, 1:49 p.m.
  • Length: 17:27
Show
View Real Time Build Order
Export as new Build Order

Massa Terran 

Build Orders:  

Get SALT Encoding   

  12  0:00  SCV  
  13  0:12  SCV  
  14  0:22  Supply Depot  
  14  0:24  SCV  
  15  0:34  Refinery  
  15  0:43  SCV  
  15  0:44  Barracks  
  16  0:51  Refinery  
  16  0:55  SCV  
  17  1:08  SCV  
  18  1:20  SCV  
  19  1:32  SCV  
  20  1:33  Factory  
  20  1:37  Marine  
  21  1:40  Supply Depot  
  21  1:57  Barracks  
  21  2:03  Reaper  
  22  2:12  Bunker  
  22  2:26  Bunker  
  23  2:30  Hellion  
  21  2:54  Hellion, Marine  
  24  3:03  Orbital Command  
  24  3:07  Reaper  
  25  3:59  SCV  
  25  4:02  Barracks Tech Lab  
  26  4:04  Hellion  
  28  4:11  SCV  
  29  4:19  Factory  
  28  4:26  Command Center  
  28  4:52  Hellion  
  30  5:02  Barracks  
  30  5:04  Factory Tech Lab  
  30  5:05  Barracks Reactor  
  30  5:12  Supply Depot  
  30  5:23  Supply Depot  
  30  5:25  SCV  
  31  5:38  SCV, Hellion, Infernal Pre-Igniter  
  29  6:28  Supply Depot  
  29  6:43  Barracks Reactor  
  29  6:46  Supply Depot  
  29  6:47  Orbital Command  
  29  6:48  Barracks Reactor  
  29  6:52  Supply Depot  
  29  6:53  Hellion x3  
  35  6:57  Armory  
  35  7:01  Engineering Bay, Stimpack  
  35  7:14  Hellion x2  
  35  7:15  Hellion  
  41  7:26  Supply Depot  
  41  7:34  SCV x2  
  43  7:46  SCV  
  44  7:55  Hellion x3  
  50  8:06  SCV x2  
  52  8:16  Hellion  
  52  8:18  SCV x2  
  54  8:30  SCV  
  52  8:38  Hellion  
  52  8:39  Hellion x2  
  38  8:59  Marauder, Marine x2  
  38  9:00  Hellion x3, Marine x2  
  48  9:03  SCV x2  
  48  9:09  Command Center  
  50  9:14  Terran Infantry Weapons Level 1  
  50  9:15  SCV x2, Terran Vehicle Weapons Level 1  
  52  9:17  Marine  
  52  9:21  Hellion, Marauder, Combat Shield  
  57  9:26  Drilling Claws  
  57  9:27  SCV x2  
  57  9:30  Hellion x2  
  63  9:36  Starport  
  63  9:39  SCV x2  
  63  9:43  Hellion  
  67  9:51  Hellion x2  
  71  10:04  Hellion  
  73  10:09  Supply Depot  
  73  10:10  Supply Depot  
  73  10:12  Hellion  
  75  10:25  SCV x2  
  77  10:33  Supply Depot  
  77  10:35  Supply Depot  
  77  10:37  SCV x2  
  77  10:40  Concussive Shells  
  75  10:49  SCV x2  
  75  10:57  Supply Depot  
  57  11:21  Missile Turret  
  57  11:22  Medivac, Missile Turret  
  57  11:23  Marine x2  
  57  11:24  Marine x3  
  70  11:25  Widow Mine x2  
  70  11:26  Widow Mine  
  70  11:29  Smart Servos  
  70  11:41  SCV x2, Marine x2  
  80  11:47  Hellion x3  
  80  11:51  Barracks x3  
  80  11:52  Medivac  
  82  12:03  Planetary Fortress  
  82  12:05  Missile Turret  
  82  12:07  Marine  
  82  12:08  Hellion x3, Marauder, Marine x3  
  94  12:16  SCV x2  
  94  12:22  Terran Infantry Weapons Level 2, Medivac  
  98  12:25  Marine x2  
  98  12:26  Engineering Bay, Marine x2  
  98  12:28  SCV x2  
  98  12:29  Marauder  
  108  12:30  Hellion  
  108  12:43  Marine  
  109  12:45  Widow Mine  
  109  12:46  Hellion  
  109  12:47  Marine  
  109  12:48  Marine x2  
  109  12:50  Marauder  
  120  12:51  Hellion  
  120  12:52  Command Center  
  119  13:02  Command Center  
  119  13:05  SCV x3, Missile Turret  
  122  13:07  Widow Mine x2  
  122  13:12  Marauder  
  128  13:16  Widow Mine  
  128  13:17  SCV x2  
  132  13:26  Missile Turret  
  132  13:28  Widow Mine  
  132  13:29  Hellion  
  134  13:37  Hellion  
  125  13:47  Missile Turret  
  117  13:50  Widow Mine x2  
  93  13:59  Hellion  
  93  14:00  Marine  
  93  14:01  Marauder, Marine x6  
  81  14:11  Widow Mine  
  81  14:12  Widow Mine  
  83  14:21  Widow Mine  
  75  14:32  Widow Mine  
  75  14:33  Widow Mine  
  77  14:41  Planetary Fortress  
  77  14:43  SCV x3  
  78  14:55  SCV  
  79  15:01  Marine x7  
  79  15:02  Marine  
  87  15:15  Siege Tank  
  87  15:16  Widow Mine x2  
  87  15:18  Starport Reactor  
  87  15:19  Marine x8  
  102  15:36  Marine  
  102  15:37  Widow Mine x2, Marine x2  
  102  15:38  Marauder  
  111  15:43  Marine x3  
  111  15:45  Barracks Reactor  
  111  15:47  Siege Tank  
  117  15:54  Marine  
  117  15:55  Marine x2  
  120  15:58  Widow Mine x2  
  120  15:59  Marauder  
  120  16:01  Marine x3  
  112  16:12  Marine x2  
  112  16:13  Marine  
  106  16:18  Marine  
  106  16:19  Marine x2, Siege Tank  
  106  16:20  Marauder  
  107  16:30  Marine x3  
  104  16:33  Marine x2  
  104  16:36  Marine  
  104  16:37  Marine x2  
  105  16:42  Marauder  
  108  16:47  Widow Mine x2  
  108  16:48  Marine x3  
  108  16:51  Widow Mine, Marine x2  
  115  16:54  Marine  
  115  16:55  Marine x2  
  112  17:03  Marauder  
  112  17:05  Marine  
  112  17:06  Marine x2  
  104  17:09  Marine x2  
Show
View Real Time Build Order
Export as new Build Order

qqq Zerg 

Build Orders: Hatch First, Brood Lord Corruptor 

Get SALT Encoding   

  12  0:00  Drone  
  13  0:09  Drone  
  14  0:18  Overlord  
  14  0:47  Hatchery  
  13  0:56  Drone  
  13  0:57  Drone x2  
  16  1:17  Drone  
  17  1:23  Spawning Pool  
  16  1:29  Drone  
  16  1:30  Drone  
  16  1:32  Extractor  
  17  1:44  Drone  
  17  2:11  Overlord  
  17  2:17  Drone x2  
  17  2:18  Zergling x4  
  17  2:19  Queen  
  23  2:25  Spine Crawler  
  23  2:27  Spine Crawler  
  21  2:32  Spine Crawler  
  21  2:33  Zergling x2  
  21  2:36  Zergling x2  
  22  2:40  Zergling x2  
  22  3:02  Drone x2  
  22  3:04  Lair  
  24  3:10  Drone  
  24  3:12  Drone  
  26  3:16  Drone  
  23  3:42  Drone  
  23  3:43  Drone, Zergling x8  
  23  3:44  Drone  
  23  3:45  Drone  
  30  3:53  Drone  
  31  4:07  Spire  
  31  4:08  Zergling x2  
  31  4:09  Drone  
  32  4:12  Extractor  
  32  4:13  Extractor, Drone x2  
  32  4:14  Extractor  
  31  4:36  Drone x2  
  30  4:53  Drone x3  
  30  4:58  Queen  
  34  5:01  Drone x2  
  34  5:02  Overlord  
  34  5:03  Overlord  
  37  5:21  Drone x2  
  37  5:25  Hatchery, Mutalisk  
  39  5:30  Drone  
  39  5:33  Mutalisk  
  42  5:37  Mutalisk  
  45  5:42  Drone  
  45  5:43  Drone  
  45  6:08  Mutalisk x2  
  45  6:09  Mutalisk  
  49  6:19  Queen  
  51  6:28  Overlord x3  
  51  6:37  Infestation Pit  
  51  6:38  Drone  
  51  6:54  Hatchery  
  47  7:10  Mutalisk x3  
  47  7:12  Drone x5  
  47  7:15  Zerg Flyer Weapons Level 1  
  58  7:17  Hive  
  58  7:24  Mutalisk  
  58  7:27  Drone  
  61  7:32  Metabolic Boost  
  61  7:34  Drone  
  62  7:37  Mutalisk  
  52  8:05  Mutalisk x2  
  52  8:06  Mutalisk  
  52  8:07  Drone x2  
  52  8:08  Drone x3  
  63  8:26  Mutalisk x2  
  61  8:29  Drone x6  
  67  8:42  Mutalisk  
  67  8:43  Mutalisk  
  67  8:44  Drone x2  
  67  8:47  Extractor  
  67  8:48  Queen  
  72  8:50  Extractor  
  73  9:01  Hatchery  
  72  9:05  Mutalisk  
  74  9:10  Greater Spire  
  74  9:13  Drone x3  
  74  9:14  Mutalisk  
  79  9:21  Mutalisk  
  81  9:27  Hatchery  
  80  9:55  Mutalisk  
  80  9:57  Overlord x4  
  80  9:58  Overlord x6  
  82  10:05  Spine Crawler  
  81  10:16  Queen  
  81  10:17  Drone x4  
  81  10:20  Corruptor x3  
  93  10:27  Drone  
  93  10:28  Corruptor  
  94  10:33  Corruptor  
  98  10:44  Drone  
  98  10:45  Drone x6  
  105  10:57  Viper  
  105  10:58  Viper x2  
  105  11:03  Corruptor  
  116  11:07  Drone x3  
  116  11:10  Extractor  
  118  11:11  Extractor  
  118  11:15  Drone x4  
  118  11:16  Drone x3  
  124  11:22  Zerg Flyer Armor Level 1  
  111  12:09  Viper x4  
  111  12:11  Viper  
  111  12:14  Drone x2  
  111  12:15  Drone x7  
  134  12:22  Corruptor x2  
  135  12:39  Hatchery  
  135  12:41  Hatchery  
  137  12:50  Spore Crawler  
  129  13:16  Drone x5  
  129  13:17  Drone x4  
  129  13:18  Corruptor x6  
  150  13:22  Brood Lord x4  
  150  13:23  Brood Lord  
  153  14:03  Brood Lord x4  
  145  14:15  Overseer  
  137  14:17  Pneumatized Carapace  
  137  14:18  Overseer  
  137  14:21  Corruptor x3  
  137  14:22  Corruptor  
  145  14:32  Mutalisk x2  
  145  14:34  Drone x9  
  145  14:35  Drone x4  
  162  14:47  Mutalisk x3  
  162  14:48  Mutalisk  
  162  14:52  Mutalisk  
  168  14:54  Drone x2  
  168  15:16  Spore Crawler  
  168  15:18  Spine Crawler  
  162  15:33  Corruptor x5  
  162  15:34  Mutalisk  
  172  15:37  Overlord x3  
  172  15:38  Overlord x6  
  172  15:52  Overlord x3  
  156  16:01  Spore Crawler  
  156  16:03  Spore Crawler  
  149  16:05  Spore Crawler, Corruptor x3  
  133  16:12  Spore Crawler  
  133  16:13  Corruptor x2  
  133  16:14  Spore Crawler  
  133  16:16  Spore Crawler  
  129  16:21  Spore Crawler x2  
  116  16:28  Spore Crawler  
  109  16:35  Drone x4  
  109  16:36  Drone x2, Corruptor  
  109  16:37  Corruptor x2  
Show
View Real Time Build Order
Export as new Build Order

Takushin Zerg - Winner!

Build Orders: Pool First 

Get SALT Encoding   

  12  0:02  Drone  
  13  0:15  Drone  
  14  0:29  Extractor x2  
  14  0:30  Drone x2  
  16  0:40  Spawning Pool  
  16  0:42  Extractor  
  14  0:56  Overlord x2  
  14  1:27  Queen, Zergling x2  
  14  1:28  Zergling x4  
  19  1:43  Zergling x2  
  20  1:49  Zergling x2  
  21  1:57  Metabolic Boost  
  21  2:03  Zergling x2  
  22  2:15  Zergling x2  
  23  2:17  Hatchery  
  22  2:38  Zergling x4  
  22  2:39  Zergling x6  
  27  2:56  Zergling x2  
  23  3:00  Zergling x2  
  23  3:02  Queen  
  26  3:11  Drone  
  27  3:22  Drone  
  26  3:40  Zergling x10  
  26  3:41  Zergling x2  
  25  3:49  Queen  
  27  3:57  Zergling x2  
  27  3:59  Zergling x2  
  29  4:10  Drone, Zergling x2  
  29  4:12  Drone  
  29  4:13  Overlord  
  32  4:23  Drone  
  31  4:43  Drone x2  
  29  4:47  Drone x3  
  29  4:48  Drone x3  
  29  4:50  Extractor  
  29  4:51  Spine Crawler  
  29  4:52  Extractor  
  31  4:53  Drone  
  31  4:56  Drone  
  32  5:04  Drone  
  32  5:06  Drone  
  34  5:09  Queen  
  34  5:11  Drone  
  37  5:28  Drone x2  
  39  5:30  Drone x3  
  39  5:35  Spore Crawler  
  41  5:36  Spore Crawler  
  41  5:39  Drone  
  41  5:41  Drone  
  41  5:46  Drone x2  
  41  5:47  Drone  
  44  5:51  Spine Crawler  
  43  6:00  Drone  
  44  6:21  Drone  
  44  6:22  Overlord x3  
  44  6:26  Extractor  
  43  6:40  Overlord  
  43  6:41  Overlord x6  
  43  6:45  Drone x2  
  45  7:08  Drone x5  
  48  7:14  Drone  
  51  7:15  Lair  
  51  7:18  Drone x2  
  51  7:19  Drone  
  54  7:25  Drone x2  
  54  7:27  Drone x2  
  58  7:33  Drone  
  58  7:34  Drone  
  60  7:41  Drone  
  61  7:48  Hatchery  
  61  7:50  Drone x2  
  62  8:01  Hatchery  
  62  8:05  Drone  
  63  8:27  Drone x5  
  63  8:28  Drone x7  
  63  8:29  Overseer  
  63  8:31  Spire  
  63  8:32  Spire  
  72  8:51  Overlord x2  
  72  8:52  Overlord  
  72  8:58  Extractor, Drone x2  
  72  8:59  Drone, Spore Crawler  
  72  9:01  Extractor  
  72  9:03  Drone  
  72  9:04  Drone x3  
  76  9:16  Hatchery  
  75  9:23  Drone x3  
  78  9:27  Drone x4  
  78  9:28  Drone  
  78  9:29  Overlord  
  78  9:31  Hatchery  
  82  9:32  Spore Crawler x2  
  82  9:33  Hatchery, Spore Crawler  
  76  9:40  Spore Crawler  
  76  9:42  Spore Crawler  
  73  9:46  Mutalisk  
  73  9:47  Mutalisk x3  
  79  9:57  Mutalisk x3  
  85  10:01  Mutalisk  
  87  10:18  Mutalisk x3  
  87  10:19  Mutalisk x3  
  99  10:25  Drone x2  
  99  10:26  Drone x4  
  105  10:36  Mutalisk x2  
  105  10:41  Mutalisk x3  
  115  10:44  Mutalisk x2  
  119  10:50  Mutalisk  
  119  10:53  Drone x2  
  119  10:55  Mutalisk x2  
  127  10:57  Drone  
  127  10:58  Drone  
  129  11:04  Mutalisk x2  
  129  11:07  Mutalisk  
  129  11:10  Spore Crawler  
  132  11:12  Spore Crawler  
  132  11:17  Mutalisk x2  
  131  11:18  Mutalisk  
  131  11:19  Mutalisk  
  131  11:21  Zerg Flyer Weapons Level 1  
  135  11:26  Spore Crawler  
  135  11:28  Spore Crawler  
  135  11:29  Extractor, Spore Crawler  
  135  11:31  Extractor, Mutalisk  
  132  11:39  Mutalisk x2  
  132  11:40  Mutalisk  
  130  11:47  Mutalisk  
  122  11:57  Mutalisk x2  
  114  12:01  Drone x3  
  114  12:02  Drone x6  
  114  12:03  Drone x4  
  119  12:09  Drone x2  
  119  12:10  Drone x3  
  124  12:19  Drone x4, Spine Crawler  
  124  12:20  Drone  
  124  12:21  Drone  
  129  12:24  Drone x3  
  132  12:46  Mutalisk x4  
  132  12:47  Mutalisk x4  
  132  12:49  Zerg Flyer Armor Level 1  
  142  13:03  Mutalisk x3  
  142  13:09  Mutalisk  
  142  13:13  Mutalisk  
  142  13:16  Mutalisk  
  146  13:22  Drone x2  
  146  13:24  Infestation Pit  
  147  13:29  Overlord x5  
  147  13:30  Overlord x4  
  147  13:37  Overlord x3  
  147  13:39  Overseer x4  
  147  13:40  Pneumatized Carapace, Overseer  
  145  13:41  Burrow  
  95  14:27  Corruptor x4  
  95  14:28  Corruptor x6  
  115  14:34  Corruptor  
  117  14:39  Zergling x12  
  117  14:40  Zergling x8  
  117  14:42  Hive  
  117  14:44  Zergling x4  
  129  14:47  Zergling x2  
  129  14:52  Zergling x2  
  131  14:54  Zergling x2  
  131  14:55  Extractor x2, Zergling x2  
  131  15:13  Corruptor x5  
  131  15:14  Corruptor x2  
  146  15:21  Zergling x8  
  146  15:22  Zergling x6  
  151  15:32  Corruptor x4  
  141  15:37  Zergling x2  
  141  15:38  Zergling x14  
  138  15:42  Corruptor  
  138  15:45  Corruptor  
  138  15:46  Corruptor  
  147  15:54  Corruptor  
  149  15:59  Zergling x2  
  149  16:01  Overlord x4  
  147  16:04  Overlord x2  
  147  16:07  Overseer  
  147  16:10  Drone, Corruptor x2  
  146  16:14  Corruptor  
  146  16:15  Corruptor x2  
  148  16:20  Corruptor  
  148  16:25  Zergling x2  
  139  16:26  Zergling x2  
  139  16:29  Queen, Zergling x2  
  139  16:30  Zergling x2  
  144  16:37  Zergling x2  
  144  16:38  Zergling x2  
  144  16:39  Queen, Zergling x2  
  149  16:42  Zergling x2  
  143  17:07  Hatchery  
Show
View Real Time Build Order
Export as new Build Order

EssSee Zerg - Winner!

Build Orders: Hatch First, Lurkers 

Get SALT Encoding   

  12  0:01  Drone  
  13  0:12  Drone  
  14  0:20  Extractor x2, Drone  
  13  0:21  Drone  
  13  0:28  Overlord  
  16  0:55  Drone  
  17  0:58  Drone  
  17  1:00  Hatchery  
  17  1:04  Drone  
  17  1:09  Drone  
  19  1:11  Extractor  
  18  1:22  Spawning Pool  
  17  1:26  Drone  
  17  1:30  Drone  
  19  1:41  Drone  
  20  1:50  Drone  
  21  2:06  Drone  
  22  2:09  Hatchery  
  22  2:11  Queen  
  23  2:17  Queen  
  23  2:22  Metabolic Boost  
  25  2:29  Drone x2  
  27  2:36  Overlord  
  27  2:42  Drone  
  28  2:46  Overlord  
  28  2:57  Queen  
  30  3:01  Drone  
  31  3:07  Extractor, Lair  
  31  3:11  Drone  
  31  3:14  Drone  
  31  3:17  Drone  
  31  3:18  Drone  
  34  3:22  Drone  
  35  3:28  Queen  
  37  3:40  Drone x2  
  39  3:44  Queen  
  39  3:47  Drone x2  
  43  4:00  Zergling x6  
  47  4:02  Zergling x2  
  47  4:03  Zergling x6  
  47  4:06  Overlord  
  47  4:07  Overlord  
  50  4:22  Extractor  
  50  4:23  Extractor  
  48  4:31  Hydralisk Den  
  47  4:32  Drone x3, Evolution Chamber  
  47  4:34  Evolution Chamber  
  47  4:35  Drone x2  
  50  4:47  Overlord x3  
  50  4:51  Spore Crawler  
  50  4:52  Spore Crawler  
  48  4:57  Drone x2, Spore Crawler  
  49  5:00  Drone  
  50  5:08  Grooved Spines  
  50  5:10  Drone  
  51  5:15  Zerg Missile Weapons Level 1  
  51  5:18  Drone x2  
  53  5:28  Drone x5  
  56  5:30  Drone  
  59  5:35  Drone  
  59  5:36  Drone  
  59  5:37  Hydralisk  
  63  5:43  Zerg Ground Armor Level 1  
  63  5:55  Spore Crawler  
  63  5:56  Drone x2  
  63  5:57  Drone x2  
  66  5:59  Spore Crawler  
  66  6:02  Hydralisk  
  66  6:03  Hydralisk  
  67  6:06  Hydralisk  
  63  6:20  Muscular Augments  
  63  6:21  Zergling x6  
  63  6:22  Zergling x2  
  67  6:28  Hydralisk x4  
  76  6:32  Drone  
  76  6:35  Drone  
  76  6:37  Drone x3  
  80  6:40  Drone x2  
  82  6:48  Drone  
  82  6:49  Extractor, Drone x2  
  82  6:50  Drone  
  82  6:51  Extractor  
  81  7:09  Hydralisk x3  
  81  7:10  Hydralisk  
  89  7:26  Overlord x3  
  89  7:27  Overlord  
  89  7:30  Hatchery, Drone  
  89  7:32  Overlord x3  
  89  7:34  Pneumatized Carapace  
  89  7:38  Infestation Pit  
  89  7:39  Zerg Missile Weapons Level 2  
  88  7:45  Zerg Ground Armor Level 2  
  88  8:04  Hydralisk x5  
  96  8:09  Hydralisk  
  96  8:11  Hydralisk x2  
  104  8:18  Drone x3  
  104  8:19  Drone x3  
  110  8:26  Spore Crawler  
  105  8:30  Hydralisk x4  
  110  8:41  Hydralisk, Hive  
  98  8:55  Hydralisk x4  
  106  9:08  Hydralisk  
  108  9:10  Hydralisk  
  108  9:11  Hydralisk x6  
  108  9:12  Hydralisk x2  
  108  9:14  Drone  
  108  9:15  Drone  
  108  9:16  Drone  
  129  9:19  Drone x2  
  129  9:23  Queen  
  133  9:28  Hydralisk x2  
  137  9:35  Spore Crawler x2, Overlord  
  135  9:53  Adrenal Glands  
  135  9:57  Hydralisk x4  
  135  9:59  Overlord x2  
  143  10:03  Drone  
  144  10:08  Overlord x3  
  144  10:16  Zerg Missile Weapons Level 3  
  144  10:20  Zerg Ground Armor Level 3  
  144  10:25  Overseer x2  
  144  10:26  Overseer  
  144  10:37  Lurker Den  
  143  10:50  Ultralisk Cavern  
  143  10:55  Drone x2, Overlord x2  
  143  10:56  Overlord x3  
  126  10:58  Hydralisk x4  
  122  11:04  Hydralisk x2  
  122  11:05  Hydralisk  
  128  11:17  Hydralisk x2  
  128  11:18  Hydralisk  
  134  11:34  Extractor  
  134  11:35  Drone x4  
  134  11:36  Drone x2  
  134  11:37  Extractor, Hydralisk x3  
  134  11:38  Hydralisk x2  
  134  11:39  Chitinous Plating  
  148  11:49  Adaptive Talons  
  148  12:01  Drone x2  
  150  12:11  Hydralisk x2  
  150  12:12  Hydralisk  
  156  12:17  Lurker  
  157  12:31  Hydralisk x3  
  157  12:33  Hydralisk x3  
  157  12:37  Hydralisk  
  171  12:46  Seismic Spines  
  171  12:52  Lurker x3  
  171  12:58  Anabolic Synthesis  
  174  13:07  Hydralisk x5  
  174  13:08  Hydralisk  
  174  13:09  Hatchery  
  172  13:58  Hydralisk x6  
  172  13:59  Hydralisk x3  
  172  14:00  Hydralisk x8  
  172  14:01  Hydralisk x4  
  172  14:02  Hydralisk x3  
  192  14:06  Zerg Melee Weapons Level 1  
  192  14:09  Zergling x6  
  167  14:10  Zergling x2  
  167  14:11  Zergling x16  
  167  14:12  Zergling x8  
  167  14:13  Zergling x6  
  167  14:14  Zergling x10  
  164  14:25  Hydralisk  
  159  14:33  Hydralisk x2  
  159  14:34  Hydralisk x3  
  159  14:38  Hydralisk x2  
  162  14:42  Hydralisk  
  163  14:50  Queen  
  163  14:51  Drone x3  
  130  15:08  Hydralisk  
  130  15:09  Hydralisk x4  
  130  15:10  Hydralisk x4  
  130  15:11  Hydralisk x3  
  150  15:26  Lurker x2  
  150  15:27  Lurker x5  
  150  15:28  Hydralisk  
  159  15:38  Extractor  
  159  15:40  Extractor  
  131  16:31  Hydralisk x2  
  131  16:32  Hydralisk x4  
  127  16:36  Hydralisk x6  
  127  16:37  Hydralisk x5  
  127  16:38  Hydralisk x3  
  136  16:51  Hydralisk  
  136  16:54  Hydralisk  
  137  17:01  Hydralisk  
Tags
 
Add a new tag
Caveats
  • Supply blocks, unpowered buildings, or Contaminate may cause inaccurate times.
  • Supply counts are checked every 10 seconds.